Map: Frostline LE

Players

iPlayDefense - Winner!

  • Race: Terran Terran
  • Spawn Location: 1:00

VOD

Have the link to the VOD?

Description

Time

  • Played on: April 11, 2025, 4:48 p.m.
  • Length: 13:42
Show
View Real Time Build Order
Export as new Build Order

iPlayDefense Terran - Winner!

Build Orders:  

Get SALT Encoding   

  12  0:00  SCV  
  13  0:17  SCV  
  14  0:32  Supply Depot  
  14  0:37  SCV  
  15  0:48  Refinery  
  15  1:02  SCV  
  15  1:06  Barracks  
  16  1:19  SCV  
  17  1:29  Supply Depot  
  17  2:01  Barracks  
  17  2:13  Orbital Command  
  17  2:14  Barracks Reactor  
  17  2:21  Engineering Bay  
  17  2:59  Terran Infantry Weapons Level 1  
  17  3:05  Marine x2  
  19  3:13  Barracks Tech Lab  
  19  3:28  Supply Depot  
  19  3:30  Marine x2  
  21  3:51  Unknown  
  21  3:54  Marine  
  21  3:55  Marine  
  24  4:30  Reaper  
  24  4:34  Command Center  
  24  4:36  SCV  
  25  4:53  SCV  
  26  5:02  Barracks  
  26  5:03  Barracks  
  26  5:10  SCV  
  27  5:27  SCV  
  28  5:44  SCV  
  29  5:55  Terran Infantry Armor Level 1  
  28  6:19  Refinery  
  28  6:26  SCV  
  28  6:27  SCV  
  30  6:31  Supply Depot  
  30  6:34  Barracks Reactor  
  30  6:43  SCV  
  30  6:44  SCV  
  30  6:45  Refinery  
  32  7:00  SCV  
  32  7:01  SCV  
  32  7:03  Supply Depot  
  34  7:14  Marine x3  
  34  7:17  SCV  
  39  7:21  Barracks Reactor  
  39  7:27  Factory  
  38  7:35  Supply Depot  
  38  7:39  Marine x3  
  41  7:40  SCV x2  
  43  7:57  SCV x2  
  45  8:04  Marine  
  45  8:08  Supply Depot  
  46  8:14  SCV  
  46  8:17  Orbital Command  
  47  8:32  Factory Tech Lab  
  47  8:35  Starport  
  47  8:46  Command Center  
  47  8:55  Stimpack  
  47  8:56  Armory  
  47  9:01  SCV  
  47  9:02  SCV  
  47  9:07  Marine  
  47  9:08  Marine x6  
  56  9:18  SCV  
  56  9:19  SCV  
  58  9:35  SCV  
  58  9:36  SCV  
  60  9:52  SCV  
  60  9:53  SCV  
  62  10:02  Starport Reactor  
  62  10:09  SCV  
  61  10:10  SCV  
  62  10:25  Supply Depot  
  62  10:35  SCV x3  
  65  10:52  SCV x3  
  65  10:53  Missile Turret  
  65  10:56  Supply Depot  
  68  11:09  Marine  
  68  11:10  Marine x6  
  73  11:22  Missile Turret  
  73  11:28  Supply Depot  
  71  11:34  Marine  
  71  11:35  Marine x6  
  76  11:50  Unknown, Missile Turret  
  76  11:54  SCV x3  
  76  11:57  Unknown  
  76  11:59  Supply Depot, Marine x3  
  73  12:00  Marine  
  82  12:17  Missile Turret  
  81  12:25  Unknown  
  81  12:34  Supply Depot, SCV x3  
  84  12:40  Refinery  
  84  12:43  Refinery  
  84  12:52  Refinery  
  84  12:55  Unknown  
  84  13:07  Supply Depot  
  84  13:11  Marine  
  84  13:12  Marine x6  
  91  13:39  Supply Depot  
Tags
 
Matchup
Co-op
Replay Pack
DaveSC2
Add a new tag
Caveats
  • Supply blocks, unpowered buildings, or Contaminate may cause inaccurate times.
  • Supply counts are checked every 10 seconds.